 Dungeon Crawl Stone Soup version 0.31-a0-1068-g5939ac1fb6 (webtiles) character file.

Game seed: 89493767774499718

22 AZSletch the Vexing (level 2, -1/19 HPs)
             Began as a Demonspawn Enchanter on Nov 25, 2023.
             Slain by a jackal (3 damage)
             ... on level 2 of the Dungeon.
             The game lasted 00:01:55 (1393 turns).

AZSletch the Vexing (Demonspawn Enchanter)          Turns: 1393, Time: 00:01:56

Health: -1/19      AC:  2    Str:  8    XL:     2   Next: 68%
Magic:  5/5        EV: 12    Int: 16    God:
Gold:   36         SH:  0    Dex: 13    Spells: 5/5 levels left

rFire   . . .        a - +1 dagger
rCold   . . .        (no shield)
rNeg    . . .        b - +0 robe
rPois   .            (no helmet)
rElec   .            (no cloak)
rCorr   .            (no gloves)
SInv    .            (no boots)
Will    .....        (no amulet)
Stlth   ++           (no ring)
HPRegen 0.23/turn    (no ring)
MPRegen 0.18/turn

%: no passive effects
@: no status effects
A: magic regeneration
a: no special abilities


You were on level 2 of the Dungeon.
You visited 1 branch of the dungeon, and saw 2 of its levels.

You collected 36 gold pieces.

Inventory:

Hand Weapons
 a - a +1 dagger (weapon)
Armour
 b - a +0 robe (worn)
Scrolls
 d - a scroll of teleportation {unknown}
 e - a scroll of amnesia {unknown}
 f - a scroll of identify {unknown}
 h - a scroll of blinking {unknown}
Potions
 c - 2 potions of invisibility
 g - a potion of brilliance {unknown}
 i - a potion of haste {unknown}
 j - 2 potions of curing {unknown}


   Skills:
 + Level 1.3 Short Blades
 + Level 2.1 Dodging
 - Level 2.6 Stealth
 + Level 2.2 Spellcasting
 + Level 3.3 Hexes


You had 5 spell levels left.
You didn't know any spells.
Your spell library contained the following spells:

 Spells                   Type           Power      Damage    Failure   Level
 Ensorcelled Hibernation  Hex/Ice        14%        N/A       16%         2
 Confusing Touch          Hex            12%        N/A       16%         3
 Tukima's Dance           Hex            12%        N/A       16%         3
 Dazzling Flash           Conj/Hex       14%        N/A       30%         3


Dungeon Overview and Level Annotations

Branches:
Dungeon (2/15)

Altars:


Innate Abilities, Weirdness & Mutations

You regenerate magic rapidly.


Message History

The jackal closely misses you. The jackal misses you. The jackal bites you.
You barely miss the jackal. The jackal barely misses you.
The jackal closely misses you. The jackal bites you.
You hit the jackal but do no damage. The jackal misses you.
The jackal barely misses you.
You hit the jackal but do no damage.
The jackal bites you but does no damage.
The jackal bites you. x2
You hit the jackal but do no damage. The jackal closely misses you.
The jackal barely misses you. x2
You hit the jackal.
The jackal is lightly wounded.
The jackal bites you. x2
You hit the jackal.
The jackal is almost dead.
The jackal barely misses you. The jackal misses you.
The jackal barely misses you.
You barely miss the jackal.
The jackal is almost dead.
The jackal bites you but does no damage.
The jackal bites you.
The jackal bites you but does no damage.
You miss the jackal.
The jackal bites you but does no damage.
You barely miss the jackal. The jackal barely misses you. x2
You closely miss the jackal. The jackal bites you.
You closely miss the jackal. The jackal barely misses you.
The jackal closely misses you.
You closely miss the jackal. The jackal bites you.
You completely miss the jackal. The jackal bites you.
* * * LOW HITPOINT WARNING * * *
You hit the jackal but do no damage. The jackal bites you.
* * * LOW HITPOINT WARNING * * *
The jackal barely misses you.
You closely miss the jackal. The jackal barely misses you.
You barely miss the jackal. The jackal misses you.
You hit the jackal.
The jackal is heavily wounded.
The jackal bites you.
You die...

.# P.# ... ##
... .. ♣♣ #.#
#.# ♣.P ..#h#
#.# ♣♣♣.♣..#
#.#######
#.#####
#.PPP.#
##hh....#
#...†.. #..#
#.###@#####.#
#..####
##.####(#.##
.# #.[#
#........##
.# #..#
#.########
##. #..# #.#
♣♣P♣♣###..#
#.#
♣.....#...#
#.#
♣.♣P♣....##
#.#
♣..♣♣##..####
#.# ♣.♣♣♣
#.....


You could see 2 jackals.

Vanquished Creatures
  A dart slug (D:1)
  A ball python (D:1)
  A bat (D:1)
  3 endoplasms (D:1)
  2 hobgoblins (D:1)
  2 jackals (D:2)
  2 quokkas
  A frilled lizard (D:1)
  3 kobolds (D:1)
  2 rats (D:1)
18 creatures vanquished.

Notes
Turn   | Place    | Note
-------+----------+-------------------------------------------
     0 | D:1      | AZSletch the Demonspawn Enchanter began the quest for the
                  | Orb.
     0 | D:1      | Reached XP level 1. HP: 13/13 MP: 3/3
   153 | D:1      | Reached skill level 1 in Short Blades
   396 | D:1      | Gained mutation: You regenerate magic rapidly. [demonic
                  | ancestry]
   396 | D:1      | Reached XP level 2. HP: 3/19 MP: 5/5
  1393 | D:2      | Slain by a jackal

Illustrated notes

Levels and vault maps discovered:
D:1:      ncdulo_wetmaze, layout_basic, serial_rivers,
          chequers_serial_rivers_room_a, chequers_serial_rivers_small_3,
          chequers_serial_rivers_large_a, chequers_serial_rivers_micro_d,
          chequers_serial_rivers_small_b, chequers_serial_rivers_small_b
D:2:      layout_loops_ring, serial_forest, infiniplex_forest_clump_tiny,
          infiniplex_forest_lined_room_3, infiniplex_forest_clump_medium,
          infiniplex_forest_lined_ring, infiniplex_forest_corner_1,
          infiniplex_forest_3_way, hellmonk_ecumenical_altar_lost_god,
          uniq_crazy_yiuf_cottage

Skill      XL: |  1 |
---------------+----+-----
Short Blades   | 1 |  1.3
Dodging        | 2 |  2.1
Stealth        | |  2.6
Spellcasting   | |  2.2
Hexes          | |  3.3

Action                     || total
---------------------------++-------
  Melee: Dagger            ||   108
   Stab: Sleeping          ||     5
 Armour: Robe              ||    44
  Dodge: Dodged            ||    60

Table legend: (Time is in decaauts)
 A = Elapsed time spent in this place.
 B = Non-inter-level travel time spent in this place.
 C = Inter-level travel time spent in this place.
 D = Time resting spent in this place.
 E = Time spent auto-exploring this place.
 F = Levels seen in this place.
 G = Mean time per level.
                   A        B        C        D        E       F      G
               +--------+--------+--------+--------+--------+-----+--------+
         Total |   1408 |   1389 |     19 |    196 |    966 |   2 |  704.0 |
       Dungeon |   1408 |   1389 |     19 |    196 |    966 |   2 |  704.0 |
               +--------+--------+--------+--------+--------+-----+--------+

Top non-repeatable levels by time:
     D:1: 1187 daAuts
     D:2: 220 daAuts
